 Dungeon Crawl Stone Soup version 0.28-a0-998-gb9e9c7b67e (webtiles) character file.

Game seed: 8287164952161602332

9 ytrimaz the Insei (level 2, 18/18 HPs)
             Began as an Octopode Transmuter on Dec 6, 2021.
             Was a Follower of Zin.
             Quit the game on level 1 of the Dungeon.
             The game lasted 00:00:40 (961 turns).

ytrimaz the Insei (Octopode Transmuter)              Turns: 961, Time: 00:00:41

Health: 18/18      AC:  1    Str:  9    XL:     2   Next: 12%
Magic:  5/5        EV: 13    Int: 15    God:    Zin [*.....]
Gold:   62         SH:  0    Dex: 12    Spells: 4/5 levels left

rFire   . . .      SeeInvis .     - Unarmed
rCold   . . .      Faith    .   (no shield)
rNeg    . . .      Spirit   .   (helmet restricted)
rPois   .          Reflect  .   (no amulet)
rElec   .          Harm     .   (no ring)
rCorr   .          Rampage  .   (no ring)
Will    .....                   (no ring)
Stlth   ++........              (no ring)
HPRegen 0.06/turn               (no ring)
MPRegen 0.09/turn               (no ring)
                                (no ring)
                                (no ring)

@: no status effects
A: almost no armour, amphibious, 8 rings, camouflage 1, gelatinous body 1,
(nimble swimmer 1), tentacles
a: Renounce Religion, Recite, Donate Gold


You were on level 1 of the Dungeon.
You worshipped Zin.
Zin was aware of your devotion.
You visited 1 branch of the dungeon, and saw 1 of its levels.

You collected 68 gold pieces.
You donated 6 gold pieces to Zin.

Inventory:

Potions
 a - a potion of flight {unknown}
 b - 2 potions of attraction {unknown}
 c - a potion of magic {unknown}


   Skills:
 * Level 1.3 Fighting
 - Level 2.0 Dodging
 + Level 3.2 Unarmed Combat
 + Level 2.0 Spellcasting
 + Level 2.1 Transmutations


You had 4 spell levels left.
You knew the following spells:

 Your Spells              Type           Power      Damage    Failure   Level
a - Beastly Appendage     Tmut           14%        N/A       10%         1

Your spell library contained the following spells:

 Spells                   Type           Power      Damage    Failure   Level
 Wereblood                Tmut           7%         N/A       14%         2
 Animate Skeleton         Necr           2%         N/A       22%         1
 Spider Form              Tmut/Pois      4%         N/A       38%         3
 Ice Form                 Ice/Tmut       4%         N/A       80%         4


Dungeon Overview and Level Annotations

Branches:
Dungeon (1/15)

Altars:
Zin


Innate Abilities, Weirdness & Mutations

You cannot wear most types of armour.
You are amphibious.
You can wear up to eight rings at the same time.
Your skin changes colour to match your surroundings (Stealth+).
Your rubbery body absorbs attacks. (AC +1, EV +1)
((You are camouflaged near water. (Stealth+)))
You have tentacles for arms and can constrict up to eight enemies at once.


Message History

You now have 52 gold pieces (gained 18).
A frilled lizard comes into view.
Found a stone staircase leading down.
A frilled lizard is nearby!
A frilled lizard is nearby!
A frilled lizard is nearby!
Found a scroll labelled BIRESS ESOABA.
One of your tentacles grows a vicious spike.
Found an escape hatch in the floor.
You tentacle-slap the frilled lizard but do no damage.
You grab the frilled lizard.
You squeeze the frilled lizard, but do no damage.
You constrict the frilled lizard.
You kill the frilled lizard!
There is a stone staircase leading down here.
You see here a frilled lizard corpse.
Your transformation is almost over.
c - a scroll labelled BIRESS ESOABA
As you read the scroll labelled BIRESS ESOABA, it crumbles to dust.
Your body is wracked with pain!
It was a scroll of torment.
Unknown command.
Your tentacle spike disappears.
You now have 68 gold pieces (gained 16).
Key pressed, stopping explore.
c - a murky black potion
Found a leather armour.
Found a faded altar of an unknown god.
You pick up Plato's Tome of Black Rites and begin reading...
You add the spell Animate Skeleton to your library.
There is a faded altar of an unknown god here.
You cannot tell which god this altar belongs to.
Convert to them anyway?
Zin accepts your prayer! Zin welcomes you!
You pay a tithe of 6 gold.
You can now donate money to Zin.
You can now recite Zin's Axioms of Law.
Casting: Beastly Appendage (safe; 10% risk of failure)
Confirm with . or Enter, or press ? or * to list all spells.
Okay, then.
Okay, then.
Are you sure you want to abandon this character and quit the game? (Confirm with "yes".)

..# ^.# .>. P..#
###... . # ##..# .....
P#P#....# ...#
#.#.##..### ...# #.
#.#.#..[..# ...#
.....#P#P#@^...# ...#
.....#.#P#.....# ####
.....#.#.##....# ...#
#...P#.#P.....# ##.#
#.....#.##....# ##.#
#......#..^...#
...#.#.#.......##^...#
.....................#
.....#...............#


There were no monsters in sight!

Vanquished Creatures
  An endoplasm (D:1)
  2 kobolds (D:1)
  A ball python (D:1)
  2 bats (D:1)
  3 frilled lizards (D:1)
  A rat (D:1)
10 creatures vanquished.

Notes
Turn   | Place    | Note
-------+----------+-------------------------------------------
     0 | D:1      | ytrimaz the Octopode Transmuter began the quest for the
                  | Orb.
     0 | D:1      | Reached XP level 1. HP: 13/13 MP: 3/3
   529 | D:1      | Reached XP level 2. HP: 9/18 MP: 3/5
   954 | D:1      | Found a faded altar of an unknown god.
   959 | D:1      | Got Plato's Tome of Black Rites
   960 | D:1      | Prayed at the altar of an unknown god.
   960 | D:1      | Became a worshipper of Zin the Law-Giver
   960 | D:1      | Reached * piety under Zin
   961 | D:1      | Quit the game

Illustrated notes

Levels and vault maps discovered:
D:1:      dpeg_arrival_boxes_within_box, layout_basic,
          shapermc_ecumenical_altar_rom_forum, minmay_pentomino_u2

Action                   || total
-------------------------++-------
Melee: Unarmed           ||    21
       Constrict         ||     6
       Tentacles         ||     4
 Cast: Beastly Appendage ||     5
  Use: Scroll            ||     1
Armor: Skin              ||     6
Dodge: Dodged            ||    16

Table legend: (Time is in decaauts)
 A = Elapsed time spent in this place.
 B = Non-inter-level travel time spent in this place.
 C = Inter-level travel time spent in this place.
 D = Time resting spent in this place.
 E = Time spent auto-exploring this place.
 F = Levels seen in this place.
 G = Mean time per level.
                   A        B        C        D        E       F      G
               +--------+--------+--------+--------+--------+-----+--------+
         Total |    959 |    959 |      0 |    103 |    761 |   1 |  959.0 |
       Dungeon |    959 |    959 |      0 |    103 |    761 |   1 |  959.0 |
               +--------+--------+--------+--------+--------+-----+--------+

Top non-repeatable levels by time:
     D:1: 959 daAuts
